 Dungeon Crawl Stone Soup version 0.29.0-4-gdea44cf6ec (webtiles) character file.

Game seed: 17345842822795029128

242 qw the Ruffian (level 6, -3/48 HPs)
             Began as a Ghoul Fire Elementalist on Aug 29, 2022.
             Slain by an ogre
             ... wielding a +0 giant club
              (16 damage)
             ... on level 4 of the Dungeon.
             The game lasted 00:02:15 (2933 turns).

qw the Ruffian (Ghoul Fire Elementalist)            Turns: 2933, Time: 00:02:15

Health: -3/48      AC: 10    Str: 14    XL:     6   Next: 9%
Magic:  7/7        EV:  9    Int: 10    God:
Gold:   168        SH:  0    Dex:  9    Spells: 7/8 levels left

rFire   . . .      SeeInvis .     - Unarmed
rCold   + . .      Faith    .   (no shield)
rNeg    + + +      Spirit   .   i - +0 scale mail
rPois   inf        Reflect  .   (no helmet)
rElec   .          Harm     .   n - +0 cloak
rCorr   .          Rampage  .   k - +2 pair of gloves
Will    .....                   (no boots)
Stlth   ..........              (no amulet)
HPRegen 0.00/turn               j - +4 ring of slaying {mikee}
MPRegen 0.10/turn               (no ring)

@: inhibited regen
A: claws 1, cold resistance 1, negative energy resistance 3, inhibited
regeneration, torment resistance 2, devour on kill
a: no special abilities


You were on level 4 of the Dungeon.
You visited 1 branch of the dungeon, and saw 4 of its levels.

You collected 168 gold pieces.


Innate Abilities, Weirdness & Mutations

You are immune to poison.
You have sharp fingernails.
Your flesh is cold resistant. (rC+)
You are immune to negative energy. (rN+++)
You do not regenerate when monsters are visible.
You are immune to unholy pain and torment.
You thrive by killing the living.


   Skills:
 - Level 2.0 Fighting
 - Level 1.4 Armour
 - Level 1.7 Dodging
 - Level 2.1 Stealth
 + Level 5.4 Unarmed Combat
 - Level 1.7 Spellcasting
 - Level 0.7 Conjurations
 - Level 2.4 Fire Magic


You had 7 spell levels left.
You knew the following spells:

 Your Spells              Type           Power      Damage    Failure   Level
a - Foxfire               Conj/Fire      16%        2x1d4     58%         1

Your spell library contained the following spells:

 Spells                   Type           Power      Damage    Failure   Level
 Scorch                   Fire           10%        2d6       61%         2
 Conjure Flame            Conj/Fire      4%         6-21      91%         3
 Inner Flame              Hex/Fire       3%         N/A       95%         3
 Flame Wave               Conj/Fire      4%         2d5       100%        4

Inventory:

Missiles
 d - 2 boomerangs (quivered)
Armour
 i - a +0 scale mail (worn)
 k - a +2 pair of gloves (worn)
 n - a +0 cloak (worn)
Jewellery
 j - a +4 ring of slaying (left hand) {mikee}
Potions
 c - a potion of cancellation {unknown}
 e - a potion of berserk rage {unknown}
 f - 3 potions of curing
 g - a potion of heal wounds {unknown}
 h - a potion of lignification {unknown}

Dungeon Overview and Level Annotations

Branches:
Dungeon (4/15)
 Temple: D:4-7

Altars:
Ashenzari
Fedhas


Message History

You hit the iguana.
The iguana is moderately wounded.
The iguana completely misses you.
2921 ||| Stepping ~*~*~tactically~*~*~ (outnumbered).
The iguana attacks as you move away! The iguana barely misses you.
The ogre attacks as you move away! The ogre barely misses you.
2922 ||| Stepping ~*~*~tactically~*~*~ (outnumbered).
The ogre attacks as you move away! The ogre barely misses you.
You hit the iguana but do no damage.
The iguana is lightly wounded.
The iguana bites you.
You punch the iguana!
The iguana is heavily wounded.
The iguana bites you!
2925 ||| Stepping ~*~*~tactically~*~*~ (outnumbered).
The iguana attacks as you move away!
The iguana bites you but does no damage.
You barely miss the iguana.
The iguana is heavily wounded.
The iguana bites you but does no damage.
You closely miss the iguana.
The iguana is heavily wounded.
The iguana misses you.
You punch the iguana!
You kill the iguana!
Your Armour skill increases to level 1!
You have reached level 6!
You hit the ogre.
The ogre is lightly wounded.
You hit the ogre.
The ogre is moderately wounded.
The ogre hits you with a +0 giant club!!
You punch the ogre!
The ogre is heavily wounded.
The ogre hits you with a +0 giant club.
You punch the ogre!
The ogre is almost dead.
You hit the ogre.
The ogre is almost dead.
The ogre hits you with a +0 giant club!
You die...

#.......# #....... #.#.#.###
###+###..... ##.#.#.######
#~~.~~#..... +...........#
###~#.#~#..... ##.#.######.##
##.+.._..'.##'# ... #..#
##..#~#.#~####.# ##########..#
#...#~~.~~# #..
#####.........####...###'########
..).+.........(.@O...'...........
#####........##..#..)############
.............###.#...#
############## #.#)..# #.#...#
#..#### ##. #. #.


You could see an ogre.

Vanquished Creatures
  An ogre (D:4)
  Jessica (D:2)
  An iguana (D:4)
  3 adders
  2 worms (D:4)
  A dart slug (D:4)
  5 orcs
  3 bats
  7 endoplasms
  5 giant cockroaches
  6 goblins
  4 hobgoblins
  10 jackals
  4 quokkas
  3 ball pythons
  5 frilled lizards
  4 kobolds
  3 rats
68 creatures vanquished.

Notes
Turn   | Place    | Note
-------+----------+-------------------------------------------
     0 | D:1      | qw the Ghoul Fire Elementalist began the quest for the Orb.
     0 | D:1      | Reached XP level 1. HP: 14/14 MP: 2/2
     0 | D:1      | 0 ||| qw: Version: 0.1-a-90-g952f4b7
     0 | D:1      | 0 ||| qw: Game counter: 3923
     0 | D:1      | 0 ||| qw: Always use a shield: true
     0 | D:1      | 0 ||| qw: God list: Okawaru
     0 | D:1      | 0 ||| qw: Allow faded altars: false
     0 | D:1      | 0 ||| qw: Do Orc after D:15 true
     0 | D:1      | 0 ||| qw: Do second Lair branch before Depths: true
     0 | D:1      | 0 ||| qw: Lair rune preference: random
     0 | D:1      | 0 ||| qw: Plans: Normal
     0 | D:1      | 0 ||| PLANNING D:1-11
   108 | D:1      | 108 ||| Stepping ~*~*~tactically~*~*~ (stealth).
   121 | D:1      | Reached skill level 1 in Unarmed Combat
   418 | D:1      | Reached skill level 1 in Fighting
   418 | D:1      | Reached XP level 2. HP: 22/23 MP: 3/3
   481 | D:1      | 481 ||| Stepping ~*~*~tactically~*~*~ (stealth).
   482 | D:1      | 482 ||| Stepping ~*~*~tactically~*~*~ (stealth).
   483 | D:1      | 483 ||| Stepping ~*~*~tactically~*~*~ (stealth).
   485 | D:1      | 485 ||| Stepping ~*~*~tactically~*~*~ (stealth).
   499 | D:1      | 499 ||| Stepping ~*~*~tactically~*~*~ (stealth).
   508 | D:1      | 508 ||| Stepping ~*~*~tactically~*~*~ (stealth).
   536 | D:1      | 536 ||| Stepping ~*~*~tactically~*~*~ (stealth).
   541 | D:1      | 541 ||| Stepping ~*~*~tactically~*~*~ (stealth).
   554 | D:1      | 554 ||| Stepping ~*~*~tactically~*~*~ (stealth).
   608 | D:1      | Reached skill level 2 in Unarmed Combat
   729 | D:1      | Found a faded altar of an unknown god.
   768 | D:1      | 768 ||| Stepping ~*~*~tactically~*~*~ (outnumbered).
   769 | D:1      | 769 ||| Stepping ~*~*~tactically~*~*~ (outnumbered).
   770 | D:1      | 770 ||| Stepping ~*~*~tactically~*~*~ (outnumbered).
   971 | D:1      | 971 ||| UPGRADING to +0 ring mail of poison resistance.
   981 | D:1      | 981 ||| DROPPING +0 robe.
   982 | D:1      | 982 ||| UPGRADING to +0 scale mail.
   992 | D:1      | 992 ||| DROPPING +0 ring mail of poison resistance.
   993 | D:1      | 993 ||| UPGRADING to +4 ring of slaying {mikee}.
   994 | D:1      | 994 ||| READING scroll labelled ZOEN JOVUUTUTU.
   995 | D:1      | 995 ||| READING scroll labelled FUK WAFFEJYCO.
   996 | D:1      | 996 ||| READING scroll labelled FOSTRA ETHRIRAEFA.
   997 | D:1      | 997 ||| READING scroll labelled QETAISCH DOORR.
   998 | D:1      | 998 ||| DROPPING potion of magic.
  1138 | D:2      | Reached XP level 3. HP: 28/28 MP: 4/4
  1203 | D:2      | Reached skill level 3 in Unarmed Combat
  1233 | D:2      | Noticed Jessica
  1238 | D:2      | Killed Jessica
  1239 | D:2      | Reached XP level 4. HP: 25/35 MP: 5/5
  1465 | D:2      | Reached skill level 4 in Unarmed Combat
  1588 | D:2      | 1588 ||| READING scroll labelled JENLEBOTEPH.
  1589 | D:2      | 1589 ||| DRINKING 3 cyan potions.
  2259 | D:3      | 2259 ||| Stepping ~*~*~tactically~*~*~ (stealth).
  2270 | D:3      | 2270 ||| Stepping ~*~*~tactically~*~*~ (outnumbered).
  2271 | D:3      | 2271 ||| Stepping ~*~*~tactically~*~*~ (outnumbered).
  2307 | D:3      | Reached XP level 5. HP: 41/41 MP: 6/6
  2363 | D:3      | Found a blossoming altar of Fedhas.
  2532 | D:3      | 2532 ||| UPGRADING to +0 pair of gloves.
  2537 | D:3      | 2537 ||| UPGRADING to +0 cloak.
  2542 | D:3      | 2542 ||| READING 2 scrolls of enchant armour.
  2542 | D:3      | 2542 ||| ENCHANTING +0 pair of gloves.
  2543 | D:3      | 2543 ||| READING scroll of enchant armour.
  2543 | D:3      | 2543 ||| ENCHANTING +1 pair of gloves.
  2544 | D:3      | 2544 ||| READING scroll labelled YME TEQOUVO.
  2545 | D:3      | 2545 ||| READING scroll labelled ENYOBY INELY.
  2546 | D:3      | 2546 ||| DRINKING 2 bubbling blue potions.
  2647 | D:3      | 2647 ||| DROPPING potion of ambrosia.
  2712 | D:4      | Noticed an ogre
  2715 | D:4      | 2715 ||| Stepping ~*~*~tactically~*~*~ (hiding).
  2720 | D:4      | Killed an ogre
  2721 | D:4      | Reached skill level 5 in Unarmed Combat
  2888 | D:4      | Found a broken altar of Ashenzari.
  2916 | D:4      | Noticed an ogre
  2921 | D:4      | 2921 ||| Stepping ~*~*~tactically~*~*~ (outnumbered).
  2922 | D:4      | 2922 ||| Stepping ~*~*~tactically~*~*~ (outnumbered).
  2925 | D:4      | 2925 ||| Stepping ~*~*~tactically~*~*~ (outnumbered).
  2929 | D:4      | Reached skill level 1 in Armour
  2929 | D:4      | Reached XP level 6. HP: 32/48 MP: 7/7
  2933 | D:4      | Slain by an ogre

Levels and vault maps discovered:
D:1:      dpeg_arrival_circle_labyrinth_c, layout_rooms,
          shapermc_ecumenical_altar_petra
D:2:      layout_rooms, uniq_jessica
D:3:      layout_loops_corners, general_overflow_altar, grunt_ministairs_3
D:4:      layout_basic, kennysheep_little_box

Skill      XL: |  1  2  3  4  5 |
---------------+----------------+-----
Unarmed Combat | 1 2 3 4 5 |  5.4
Fighting       | 1 2 |  2.0
Armour         | 1 |  1.4
Dodging        | |  1.7
Stealth        | |  2.1
Spellcasting   | |  1.7
Conjurations   | |  0.7
Fire Magic     | |  2.4

Action                   |  1- 3 |  4- 6 || total
-------------------------+-------+-------++-------
Melee: Unarmed           |    91 |    79 ||   170
       Punch             |     1 |     1 ||     2
Throw: Boomerang         |    13 |    45 ||    58
  Use: Scroll            |     4 |     5 ||     9
       Potion            |       |     2 ||     2
Armor: Robe              |    13 |       ||    13
       Scale mail        |     9 |    31 ||    40
Dodge: Dodged            |    58 |    20 ||    78

Table legend:
 A = Non-vault XP
 B = Vault XP
 C = Vault XP percentage of total XP
 D = Non-vault monster count
 E = Vault monster count
 F = Vault count percentage of total count
                 A         B        C        D         E       F
            +---------+---------+-------+---------+---------+-------
      Total |     307 |      40 |  11.5 |      65 |       3 |   4.4
            +---------+---------+-------+---------+---------+-------
        D:1 |      32 |       0 |   0.0 |      20 |       0 |   0.0
        D:2 |      61 |      37 |  37.8 |      21 |       1 |   4.5
        D:3 |      35 |       3 |   7.9 |      11 |       2 |  15.4
        D:4 |     179 |       0 |   0.0 |      13 |       0 |   0.0
            +---------+---------+-------+---------+---------+-------
